 Dungeon Crawl Stone Soup version 0.28-a0-589-g333b8329f1 (webtiles) character file.

Game seed: 6256963656653944984

1078 Sabo the Shield-Bearer (level 8, -15/56 (62) HPs)
             Began as a Formicid Fighter on Oct 3, 2021.
             Was a Priest of Makhleb.
             Demolished by a kobold (24 damage)
             ... on level 5 of the Dungeon.
             The game lasted 00:26:04 (4398 turns).

Sabo the Shield-Bearer (Formicid Fighter)           Turns: 4398, Time: 00:26:07

HP:   -15/56 (62)   AC: 16    Str: 21    XL:     8   Next: 54%
MP:   8/8           EV:  8    Int:  9    God:    Makhleb [***...]
Gold: 302           SH:  6    Dex: 17    Spells: 7/7 levels left

rFire   . . .      SeeInvis +   s - +0 flail (protect)
rCold   . . .      Faith    .   c - +0 buckler
rNeg    . . .      Spirit   .   C - +0 chain mail
rPois   +          Reflect  .   (helmet unavailable)
rElec   .          Harm     .   (no cloak)
rCorr   .          Rampage  .   (no gloves)
Will    .....                   (no boots)
Stlth   ..........              l - amulet of regeneration
HPRegen 1.18/turn               j - ring of poison resistance
MPRegen 0.11/turn               D - +6 ring of dexterity

@: under a protective aura, drained
A: permanent stasis, dig shafts and tunnels, antennae 3, four strong arms
a: Dig, Shaft Self, Renounce Religion, Minor Destruction, Lesser Servant of
Makhleb


You were on level 5 of the Dungeon.
You worshipped Makhleb.
Makhleb was most pleased with you.
You visited 1 branch of the dungeon, and saw 5 of its levels.

You collected 302 gold pieces.

Inventory:

Hand Weapons
 a - a +0 war axe
 m - a +0 hunting sling
 o - a +2 spectral club
 s - a +0 flail of protection (weapon)
 y - a +0 vorpal trident
Missiles
 f - 36 poisoned darts
 n - 17 bolts
 t - 2 javelins (quivered)
 v - 62 arrows
 z - 2 boomerangs
Armour
 c - a +0 buckler (worn)
 A - a +0 plate armour
 C - a +0 chain mail (worn)
Jewellery
 j - a ring of poison resistance (left hand)
 l - an amulet of regeneration (around neck)
 D - a +6 ring of dexterity (right hand)
 G - a ring of protection from fire
Wands
 r - a wand of iceblast (5)
Scrolls
 b - a scroll of brand weapon {unknown}
 h - 2 scrolls of magic mapping {unknown}
 k - a scroll of enchant armour
 p - a scroll of torment {unknown}
 q - a scroll of noise {unknown}
 u - a scroll of blinking {unknown}
 w - 2 scrolls of enchant weapon {unknown}
 B - a scroll of fear {unknown}
 F - a scroll of fog {unknown}
Potions
 d - a potion of might
 e - a potion of heal wounds {unknown}
 g - a potion of brilliance {unknown}
 i - a potion of magic {unknown}
 x - a potion of cancellation {unknown}
 E - a potion of lignification {unknown}


   Skills:
 + Level 5.2 Fighting
 + Level 4.6(5.5) Axes
 + Level 4.6(5.5) Maces & Flails
 + Level 1.4 Throwing
 + Level 5.0 Armour
 + Level 1.5 Dodging
 + Level 0.3 Stealth
 + Level 5.6 Shields


You had 7 spell levels left.
You didn't know any spells.
Your spell library contained the following spells:

 Spells                   Type           Power      Damage    Failure   Level
 Gell's Gravitas          Tloc           0%         N/A       100%        3
 Ignite Poison            Fire/Tmut/Pois 0%         N/A       100%        3
 Mephitic Cloud           Conj/Pois/Air  0%         N/A       100%        3
 Teleport Other           Tloc           0%         N/A       100%        3
 Freezing Cloud           Conj/Ice/Air   0%         6-21      100%        5
 Dispersal                Tloc           0%         N/A       100%        6


Dungeon Overview and Level Annotations

Branches:
Dungeon (5/15)             Temple (0/1) D:4

Altars:
Elyvilon
Makhleb
Nemelex Xobeh
Xom
Lugonu

Portals:
Abyss: D:5


Innate Abilities, Weirdness & Mutations

You cannot be hasted, slowed, berserked, paralysed or teleported.
You can dig through walls and to a lower floor.
You have a pair of large antennae on your head. (SInv)
Your four strong arms can wield two-handed weapons with a shield.


Message History

Your weapon exudes an aura of protection.
You kill the kobold!
Makhleb accepts your kill.
The kobold brigand hits you but does no damage.
The kobold shouts!
The kobold barely misses you.
The kobold brigand hits you with a +1 short sword of distortion.
Space warps horribly around you!
There is a large open translucent door here.
Things that are here:
a +1 whip of distortion; a kobold corpse You closely miss the kobold.
The kobold hits you with a +0 whip of distortion.
Space warps horribly around you!!
* * * LOW HITPOINT WARNING * * *
You block the kobold brigand's attack.
You hit the kobold brigand.
Your weapon exudes an aura of protection.
The kobold brigand is lightly wounded.
The kobold barely misses you. You block the kobold brigand's attack.
Your chain mail prevents you from hitting the kobold brigand.
The kobold brigand is lightly wounded.
The kobold barely misses you. The kobold brigand barely misses you.
You sock the kobold brigand!
The kobold brigand is heavily wounded.
The kobold hits you but does no damage.
The kobold brigand hits you but does no damage.
You block the kobold's attack.
You closely miss the kobold brigand.
The kobold brigand is heavily wounded.
You block the kobold brigand's attack. You block the kobold's attack.
The kobold hits you but does no damage. Space bends around you.
* * * LOW HITPOINT WARNING * * *
You hit the kobold brigand.
The kobold brigand is heavily wounded.
The kobold brigand closely misses you. You block the kobold's attack.
The kobold hits you with a +2 rapier of distortion.
* * * LOW HITPOINT WARNING * * *
Space warps horribly around you!!
You die...

.## #.######.# #.# ##
#.......# #.#### #
#.####..# #....# #
##.......# ####.#######
.# ##.......##
##.......#
#.###.#####..#
..##.####.# #...##
#..######....### #.###
##.##
#..#..KK....###.###....
#.#
#..#..@K.._.##§.{#..#.#
#<#
#.....##....§§§∩{#..#.#
#.#######...###
...##§.!#..#..
#.....>##...#
...##.##..###
######.##...# .####
#### #.##...###### ##.#
### #.#.#.......# #.#
...
#.##...##########.###
###
#.###..#...........[#


You could see a kobold brigand and 2 kobolds.

Vanquished Creatures
  Menkaure (D:4)
  3 necrophages
  A bullfrog (D:4)
  A water moccasin skeleton (D:5)
  A howler monkey (D:4)
  3 centaur skeletons
  A bullfrog skeleton (D:5)
  A jelly (D:5)
  2 iguanas (D:5)
  Ijyb (D:3)
  Natasha (thrice) (D:4)
  2 orc wizards
  Robin (D:3)
  3 howler monkey skeletons
  6 adders
  3 worms
  3 dart slugs
  16 orcs
  5 endoplasms
  7 giant cockroaches
  12 goblins
  5 hobgoblins
  3 jackals (D:5)
  A quokka (D:3)
  5 ball pythons
  7 bats
  8 kobolds
  5 rats
110 creatures vanquished.

Notes
Turn   | Place    | Note
-------+----------+-------------------------------------------
     0 | D:1      | Sabo the Formicid Fighter began the quest for the Orb.
     0 | D:1      | Reached XP level 1. HP: 18/18 MP: 1/1
   231 | D:1      | Reached XP level 2. HP: 21/24 MP: 2/2
   704 | D:1      | Reached XP level 3. HP: 26/30 MP: 3/3
  1461 | D:2      | Found a faded altar of an unknown god.
  1475 | D:2      | Became a worshipper of Makhleb the Destroyer
  1475 | D:2      | Reached * piety under Makhleb
  1820 | D:3      | Noticed Robin
  1840 | D:3      | Reached XP level 4. HP: 31/37 MP: 4/4
  1845 | D:3      | Killed Robin
  1938 | D:3      | Noticed Ijyb
  1958 | D:3      | Killed Ijyb
  1959 | D:3      | Reached XP level 5. HP: 34/42 MP: 5/5
  2119 | D:3      | Found a shimmering altar of Xom.
  2284 | D:3      | You fall into a shaft and drop 1 floor!
  2284 | D:4      | Noticed a bullfrog
  2295 | D:4      | Killed a bullfrog
  2296 | D:4      | Reached XP level 6. HP: 45/48 MP: 6/6
  2385 | D:4      | Noticed Natasha
  2401 | D:4      | Killed Natasha
  2419 | D:4      | Noticed Menkaure
  2427 | D:4      | Killed Menkaure
  2428 | D:4      | Reached skill level 1 in Maces & Flails
  2428 | D:4      | Reached XP level 7. HP: 40/55 MP: 7/7
  2497 | D:4      | Found a white marble altar of Elyvilon.
  2571 | D:4      | Reached skill level 1 in Throwing
  2588 | D:4      | Found a staircase to the Ecumenical Temple.
  2626 | D:4      | Noticed Natasha
  2636 | D:4      | Killed Natasha
  2638 | D:4      | Reached ** piety under Makhleb
  2639 | D:4      | Reached skill level 1 in Dodging
  2639 | D:4      | Reached skill level 5 in Shields
  3308 | D:4      | Reached skill level 5 in Fighting
  3406 | D:4      | Noticed Natasha
  3417 | D:4      | Killed Natasha
  3530 | D:5      | Entered Level 5 of the Dungeon
  3599 | D:5      | Found a sparkling altar of Nemelex Xobeh.
  3626 | D:5      | Found a one-way gate to the infinite horrors of the Abyss.
  3705 | D:5      | Reached XP level 8. HP: 62/62 MP: 8/8
  3774 | D:5      | Found a large runed translucent door.
  3774 | D:5      | Found a large runed translucent door.
  4055 | D:5      | Reached skill level 5 in Armour
  4147 | D:5      | Reached *** piety under Makhleb
  4386 | D:5      | Found a corrupted altar of Lugonu.
  4398 | D:5      | Demolished by a kobold

Illustrated notes

Levels and vault maps discovered:
D:1:      enne_arrival_octagon_isle, layout_loops_ring, minmay_split_cup_large
D:2:      minmay_angry_zag, layout_loops_ring,
          shapermc_ecumenical_altar_pompeii, kennysheep_nub
D:3:      layout_basic, mainiacjoe_overflow_six_doors_small,
          chequers_serial_rivers_micro_d, kennysheep_generic_room_8, uniq_ijyb,
          uniq_robin
D:4:      cheibrodos_old_hovel, layout_basic, mainiacjoe_overflow_brackets,
          minmay_temple_entry_poolview, uniq_menkaure, uniq_natasha
D:5:      due_chaos_kobolds, layout_loops_ring,
          mainiacjoe_overflow_surrounded_room, kennysheep_diamond

Skill      XL: |  1  2  3  4  5  6  7  8 |
---------------+-------------------------+-----
Shields        | 4 5 |  5.6
Axes           | 3 4 |  4.6
Fighting       | 4 5 |  5.2
Armour         | 4 5 |  5.0
Maces & Flails | 1 3 4 |  4.6
Throwing       | 1 |  1.4
Dodging        | 1 |  1.5
Stealth        | |  0.3

Action                   |  1- 3 |  4- 6 |  7- 9 || total
-------------------------+-------+-------+-------++-------
Melee: War axe           |    87 |    51 |       ||   138
       Flail             |       |    42 |   224 ||   266
Throw: Javelin           |       |     2 |     2 ||     4
 Abil: Dig               |     4 |       |     5 ||     9
  Use: Scroll            |       |       |     2 ||     2
       Potion            |       |       |     2 ||     2
Armor: Scale mail        |    48 |    61 |    51 ||   160
       Chain mail        |       |       |    97 ||    97
Dodge: Dodged            |    48 |    58 |   117 ||   223
Block: Buckler           |    32 |    17 |    71 ||   120

Table legend: (Time is in decaauts)
 A = Elapsed time spent in this place.
 B = Non-inter-level travel time spent in this place.
 C = Inter-level travel time spent in this place.
 D = Time resting spent in this place.
 E = Time spent auto-exploring this place.
 F = Levels seen in this place.
 G = Mean time per level.
                   A        B        C        D        E       F      G
               +--------+--------+--------+--------+--------+-----+--------+
         Total |   4510 |   4510 |      0 |    369 |      0 |   5 |  902.0 |
       Dungeon |   4510 |   4510 |      0 |    369 |      0 |   5 |  902.0 |
               +--------+--------+--------+--------+--------+-----+--------+

Top non-repeatable levels by time:
     D:1: 1028 daAuts
     D:3: 966 daAuts
     D:5: 890 daAuts
     D:2: 824 daAuts
     D:4: 800 daAuts
